 Dungeon Crawl Stone Soup version 0.30.0-5-g1a98f26d00 (webtiles) character file.

Game seed: 8227781924184226668

11403 SnakkuSnakku7 the Cleaver (level 12, -4/88 HPs)
             Began as a Human Cinder Acolyte on May 13, 2023.
             Was an Elder of Ignis.
             Slain by a death knight
             ... wielding a +4 morningstar
              (19 damage)
             ... on level 9 of the Dungeon.
             The game lasted 00:15:08 (9297 turns).

SnakkuSnakku7 the Cleaver (Human Cinder Acolyte)    Turns: 9297, Time: 00:15:09

Health: -4/88      AC: 17    Str: 20    XL:     12   Next: 7%
Magic:  13/13      EV:  6    Int: 18    God:    Ignis [****..]
Gold:   267        SH: 10    Dex: 10    Spells: 13/13 levels left

rFire   + . .        a - +2 war axe (venom)
rCold   . . .        M - +0 kite shield
rNeg    . . .        O - +4 chain mail
rPois   +            C - +0 helmet
rElec   .            R - +1 cloak of True Grit {Harm Rampage Str+2 Int+3}
rCorr   .            s - +0 pair of gloves
SInv    .            V - +0 pair of boots
Will    .....        (no amulet) Stlth
                     c - +4 ring of slaying
HPRegen 0.34/turn    k - ring of poison resistance
MPRegen 0.13/turn

%: harm (+30% outgoing, +20% incoming), rampage
@: no status effects
A: no striking features
a: Renounce Religion, Fiery Armour, Foxfire Swarm, Rising Flame


You were on level 9 of the Dungeon.
You worshipped Ignis.
Ignis was greatly pleased with you.
You visited 1 branch of the dungeon, and saw 9 of its levels.
You also visited: Sewer and Ossuary.

You collected 435 gold pieces.
You spent 168 gold pieces at shops.

Inventory:

Hand Weapons
 a - a +2 war axe of venom (weapon)
 l - a +0 quarterstaff
 p - a -1 mace of flaming
Missiles
 y - 4 curare-tipped darts (quivered)
 W - 2 throwing nets
Armour
 s - a +0 pair of gloves (worn)
 C - a +0 helmet (worn)
 M - a +0 kite shield (worn)
 N - a scarf of resistance
 O - a +4 chain mail (worn)
 R - the +1 cloak of True Grit (worn) {Harm Rampage Str+2 Int+3}
   (You found it on level 6 of the Dungeon)

   Str:       It affects your strength (+2).
   Int:       It affects your intelligence (+3).
   Harm:      It increases damage dealt and taken.
   Rampage:   It bestows one free step when moving towards enemies.
 U - the +5 ring mail "Zerhoat" {rPois}
   (You found it on level 8 of the Dungeon)

   rPois:     It protects you from poison.
 V - a +0 pair of boots (worn)
Jewellery
 c - a +4 ring of slaying (left hand)
 k - a ring of poison resistance (right hand)
 H - a ring of protection from cold
 J - a ring of protection from fire
Wands
 K - a wand of flame (14)
 Q - a wand of charming (6)
 T - a wand of acid (7)
Scrolls
 d - 2 scrolls of fear {unknown}
 e - 9 scrolls of identify {unknown}
 g - a scroll of torment {unknown}
 h - 5 scrolls of blinking {unknown}
 j - 2 scrolls of teleportation {unknown}
 m - 2 scrolls of fog {unknown}
 n - 4 scrolls of magic mapping {unknown}
 r - 2 scrolls of noise {unknown}
 t - a scroll of silence {unknown}
 v - a scroll of enchant weapon {unknown}
 z - 7 scrolls of enchant armour {unknown}
 F - a scroll of immolation {unknown}
 I - a scroll of brand weapon {unknown}
 S - a scroll of poison {unknown}
Potions
 b - 2 potions of haste {unknown}
 f - 6 potions of mutation {unknown}
 i - 2 potions of flight {unknown}
 o - 7 potions of curing
 q - 4 potions of degeneration {unknown}
 u - a potion of attraction {unknown}
 w - a potion of resistance {unknown}
 x - 2 potions of invisibility {unknown}
 A - 2 potions of magic {unknown}
 B - 3 potions of might {unknown}
 D - 4 potions of heal wounds
 E - 3 potions of cancellation {unknown}
 G - 2 potions of berserk rage {unknown}
 L - a potion of lignification {unknown}
 P - a potion of brilliance {unknown}
Miscellaneous
 X - a phantom mirror


   Skills:
 - Level 6.1 Fighting
 + Level 14.1(14.3) Axes
 - Level 3.9(10.0) Maces & Flails
 - Level 10.0 Shields
 - Level 1.0 Spellcasting
 - Level 3.0 Fire Magic


You had 13 spell levels left.
You didn't know any spells.
Your spell library contained the following spells:

 Spells                   Type           Power      Damage    Failure   Level
 Scorch                   Fire           22%        2d5       83%         2
 Magic Dart               Conj           0%         1d3       98%         1
 Blink                    Tloc           0%         N/A       99%         2
 Call Imp                 Summ           0%         N/A       99%         2
 Volatile Blastmotes      Fire/Tloc      12%        2d11      99%         3
 Call Canine Familiar     Summ           0%         N/A       100%        3
 Dazzling Flash           Conj/Hex       0%         N/A       100%        3
 Mephitic Cloud           Conj/Pois/Air  0%         N/A       100%        3
 Ozocubu's Armour         Ice            0%         N/A       100%        3
 Portal Projectile        Hex/Tloc       0%         N/A       100%        3
 Iskenderun's Mystic Bla  Conj/Tloc      0%         2d3       100%        4
 Leda's Liquefaction      Hex/Erth       0%         N/A       100%        4
 Manifold Assault         Tloc           0%         N/A       100%        4
 Starburst                Conj/Fire      3%         6d3       100%        6
 Ozocubu's Refrigeration  Ice            0%         4d7       100%        7
 Storm Form               Tmut/Air       0%         N/A       100%        7


Dungeon Overview and Level Annotations

Branches:
Dungeon (9/15)             Temple (0/1) D:6             Orc (0/2) D:9
  Sewer (visited)         Ossuary (visited)
   Lair: D:8-11

Altars:
Ashenzari
Cheibriados
Gozag
Kikubaaqudgha
Ru
Sif Muna
Uskayaw
Wu Jian
The Shining One

Shops:
D:6 !


Message History

The blast of calcifying dust hits you!
You feel a bit more experienced.
Your Axes skill increases to level 14!
You have reached level 12!
You feel agile.
Things that are here:
a +0 trident; a +0 ring mail; an orc corpse The death knight stops moving altogether!
The death knight is engulfed in calcifying dust.
The death knight is engulfed in calcifying dust.
The death knight is engulfed in calcifying dust.
The helpless death knight fails to defend itself.
You slice the death knight!!
The death knight looks as sick as possible!
The death knight is lightly wounded.
The helpless death knight fails to defend itself.
You slash the death knight!
The death knight looks as sick as possible!
The death knight is moderately wounded.
The helpless death knight fails to defend itself.
You cut the death knight into ribbons!!!
The death knight looks as sick as possible!
The death knight is heavily wounded.
The helpless death knight fails to defend itself.
You slash the death knight!
The death knight looks as sick as possible!
The death knight is severely wounded.
The death knight is no longer petrified.
You block the death knight's attack.
You slash the death knight!
The death knight looks as sick as possible!
The death knight is almost dead.
You hear an angry buzzing noise.
You block the death knight's attack.
The death knight attacks as you move away!
The death knight hits you with a +4 morningstar!
* * * LOW HITPOINT WARNING * * *
The death knight attacks as you move away!
The death knight hits you with a +4 morningstar!
You die...

...#########.....##...[.....#
P..# #.......##.##[##.### ...#
#.###..###.##.##.# .#.#
#.###...##..#.##.####### .#.#
##.#.........#.##...)[.[) ##.##
#....#######...##.####### #...#
#...## ##..##.# # ....# #..##
##### ##..#.# # #...# #.##
##)@p## ##.#.##### # ###.#####.#
##.###.## #...#...### ###.h)h.#.#
#.## ##†# #.....#[..[ .######.#B#
#.# #.# #.#.#[.<### .# #.#.# #.##
#h#.#...####### .####
#...#.##.###)##.#..######..
.#..########.##..###.##..........
...##.#.#.###.###=#.##..#######..
..##.#.#.#.###..##.##...## ###


You could see a death knight (extremely poisoned).

Vanquished Creatures
  A catoblepas (D:9)
  A boulder beetle (D:9)
  2 two-headed ogres (D:9)
  A manticore (D:9)
  A cyclops (D:9)
  A hornet (D:7)
  A slime creature (D:9)
  Sigmund (D:2)
  3 yaks (D:8)
  A basilisk (D:9)
  A steam dragon (D:7)
  A vampire mosquito (D:9)
  Edmund (D:5)
  3 water moccasins
  4 black bears
  3 ice beasts
  6 orc warriors
  4 sky beasts
  4 centaurs
  A phantom (D:2)
  5 kobold brigands
  3 scorpions
  5 bullfrogs
  3 elf zombies
  An elf skeleton (D:8)
  A gnoll sergeant (D:9)
  24 wights
  11 killer bees
  An electric eel (D:6)
  A howler monkey (D:7)
  4 human zombies
  2 centaur zombies (Ossuary)
  4 hounds
  A gnoll bouda (D:9)
  8 orc priests
  7 iguanas
  5 sleepcaps
  11 orc wizards
  A human skeleton (D:8)
  3 mummies (Ossuary)
  12 adders
  11 gnolls
  5 river rats (Sewer)
  2 shadow imps
  4 white imps
  3 adder zombies (Ossuary)
  2 worms
  2 dart slugs (D:1)
  33 orcs
  7 endoplasms
  5 giant cockroaches
  A gnoll zombie (Ossuary)
  2 goblins (D:2)
  7 hobgoblins
  4 jackals
  26 kobolds
  8 quokkas
  9 ball pythons
  5 bats
  5 frilled lizards
  5 goblin zombies (Ossuary)
  2 hobgoblin zombies (Ossuary)
  2 jackal zombies (Ossuary)
  A kobold zombie (Ossuary)
  An orc skeleton (D:8)
  4 orc zombies
  3 quokka zombies (Ossuary)
  3 rats (Sewer)
  5 rat zombies (Ossuary)
321 creatures vanquished.

Vanquished Creatures (others)
  An orc wizard (D:9)
  15 foxfires
16 creatures vanquished.

Grand Total: 337 creatures vanquished

Notes
Turn   | Place    | Note
-------+----------+-------------------------------------------
     0 | D:1      | SnakkuSnakku7 the Human Cinder Acolyte began the quest for
                  | the Orb.
     0 | D:1      | Reached XP level 1. HP: 18/18 MP: 2/2
    65 | D:1      | Reached XP level 2. HP: 11/24 MP: 3/3
   673 | D:2      | Reached XP level 3. HP: 28/29 MP: 4/4
   682 | D:2      | Noticed a phantom
   694 | D:2      | Killed a phantom
   695 | D:2      | Reached XP level 4. HP: 16/38 MP: 5/5
   792 | D:2      | Noticed Sigmund
   799 | D:2      | Killed Sigmund
   800 | D:2      | Reached XP level 5. HP: 36/46 MP: 6/6
   800 | D:2      | Reached XP level 6. HP: 41/52 MP: 7/7
   864 | D:2      | Reached skill level 1 in Axes
   994 | D:2      | Reached skill level 2 in Axes
  1099 | D:2      | Found a shimmering blue altar of Sif Muna.
  1099 | D:2      | You fall into a shaft and drop 2 floors!
  1132 | D:4      | Reached XP level 7. HP: 17/58 MP: 8/8
  1185 | D:4      | Reached skill level 3 in Axes
  1309 | D:4      | Found a glowing drain.
  1313 | Sewer    | Entered a sewer
  1378 | Sewer    | Reached skill level 4 in Axes
  1813 | D:4      | Reached skill level 5 in Axes
  1813 | D:4      | Reached XP level 8. HP: 61/64 MP: 9/9
  2513 | D:3      | Found a faded altar of an unknown god.
  2748 | D:3      | Reached skill level 6 in Axes
  2900 | D:3      | Found a shimmering blue altar of Sif Muna.
  2900 | D:3      | Found an ornate altar of the Wu Jian Council.
  2900 | D:3      | Found a sacrificial altar of Ru.
  3038 | D:3      | Found a glowing golden altar of the Shining One.
  3313 | D:4      | Found a broken altar of Ashenzari.
  3546 | D:5      | Entered Level 5 of the Dungeon
  3601 | D:5      | Reached skill level 7 in Axes
  3863 | D:5      | Reached skill level 8 in Axes
  3908 | D:5      | Reached XP level 9. HP: 55/69 MP: 10/10
  3941 | D:5      | Noticed Edmund
  3955 | D:5      | Killed Edmund
  3956 | D:5      | Reached skill level 1 in Shields
  3988 | D:5      | Reached skill level 9 in Axes
  4018 | D:5      | Found a snail-covered altar of Cheibriados.
  4473 | D:6      | Identified the +1 cloak of True Grit {Harm Rampage Str+2
                  | Int+3}
  5168 | D:6      | Reached skill level 10 in Axes
  5181 | D:6      | Found a staircase to the Ecumenical Temple.
  5440 | D:6      | Found Odogh's Distillery.
  5711 | D:7      | Reached skill level 5 in Shields
  5711 | D:7      | Reached XP level 10. HP: 63/76 MP: 11/11
  6181 | D:7      | Reached skill level 11 in Axes
  6226 | D:6      | Bought a potion of heal wounds for 60 gold pieces
  6226 | D:6      | Bought a potion of curing for 36 gold pieces
  6226 | D:6      | Bought a potion of curing for 36 gold pieces
  6226 | D:6      | Bought a potion of curing for 36 gold pieces
  6402 | D:7      | Identified the -2 pair of boots of the Slimy God {rN+
                  | Str+6}
  6858 | D:8      | Found an opulent altar of Gozag.
  6864 | D:8      | Identified the +5 ring mail "Zerhoat" {rPois}
  7008 | D:8      | Found a sand-covered staircase.
  7040 | Ossuary  | Entered an ossuary
  7433 | D:8      | Found a hide-covered altar of Uskayaw.
  7533 | D:8      | Found an ancient bone altar of Kikubaaqudgha.
  7541 | D:8      | Reached XP level 11. HP: 57/81 MP: 12/12
  7830 | D:9      | Reached skill level 12 in Axes
  7909 | D:9      | Noticed a two-headed ogre
  8003 | D:9      | Killed a two-headed ogre
  8352 | D:9      | Noticed a boulder beetle
  8538 | D:9      | Killed a boulder beetle
  8603 | D:9      | Reached skill level 13 in Axes
  8695 | D:9      | Found a staircase to the Orcish Mines.
  8946 | D:9      | Noticed a cyclops
  8968 | D:9      | Killed a cyclops
  8969 | D:9      | Reached skill level 10 in Shields
  9210 | D:9      | Noticed a manticore
  9231 | D:9      | Killed a manticore
  9270 | D:9      | Noticed a two-headed ogre
  9273 | D:9      | Killed a two-headed ogre
  9276 | D:9      | Noticed a catoblepas
  9280 | D:9      | Noticed a death knight
  9284 | D:9      | Killed a catoblepas
  9285 | D:9      | Reached skill level 14 in Axes
  9285 | D:9      | Reached XP level 12. HP: 27/88 MP: 13/13
  9297 | D:9      | Slain by a death knight

Illustrated notes

Levels and vault maps discovered:
D:1:      wander_arrival_chamber, layout_basic, minmay_circled_x
D:2:      minmay_general_purpose_star, layout_loops_ring, basic_altar,
          st_stairs_8, uniq_sigmund
D:3:      layout_basic, nicolae_tso_swordbearing_angel,
          gammafunk_temple_overflow_claw, chequers_ecumenical_altar_simple
D:4:      layout_rooms, lemuel_doored_altar, gup_sewer_entry_bowl,
          nrook_mini_backslash, grunt_ministairs_12, minmay_misc_feat_diagonals
D:5:      kb_forest_paths, layout_basic, mainiacjoe_overflow_alcove_2,
          uniq_edmund
D:6:      layout_loops_ring, minmay_temple_entry_glass, nicolae_take_the_stairs,
          nicolae_water_bricks, dreamdust_princess_bridge
D:7:      layout_loops_corners, minmay_hedge_maze, grunt_tough_drop
D:8:      layout_loops_ring, old_standard_altar, nicolae_uskayaw_dance_hall,
          old_standard_altar, nicolae_ossuary_entry_catacombs
D:9:      minmay_the_grid_octo_triangle [minmay_the_grid_octo_checkerflower,
          minmay_the_grid_octo_prize_single_spiral,
          minmay_the_grid_octo_checkered], layout_loops_ring,
          grunt_lair_entry_orc_guard_hut, minmay_checkerbox

Skill      XL: |  1  2  3  4  5  6  7  8  9 10 11 |
---------------+----------------------------------+-----
Fighting       | 4 6 |  6.1
Axes           | 2 5 8 10 11 14 | 14.1
Shields        | 5 8 10 | 10.0
Maces & Flails | |  3.9
Spellcasting   | |  1.0
Fire Magic     | |  3.0

Action                     |  1- 3 |  4- 6 |  7- 9 | 10-12 || total
---------------------------+-------+-------+-------+-------++-------
  Melee: Mace              |    33 |       |       |       ||    33
         Quarterstaff      |    11 |    15 |       |       ||    26
         War axe           |       |    29 |   323 |   418 ||   770
         Punch             |       |       |     5 |     3 ||     8
  Throw: Dart              |       |       |       |     2 ||     2
 Invoke: Foxfire Swarm     |     1 |       |       |     1 ||     2
         Fiery Armour      |       |       |       |     1 ||     1
  Evoke: Wand              |       |       |     2 |     3 ||     5
   Stab: Sleeping          |       |       |       |     1 ||     1
         Petrified         |       |       |       |     4 ||     4
 Armour: Robe              |     6 |    10 |     1 |       ||    17
         Ring mail         |       |       |    80 |    74 ||   154
         Chain mail        |       |       |    46 |    92 ||   138
  Dodge: Dodged            |    27 |    28 |   133 |    97 ||   285
  Block: Kite shield       |       |       |       |   121 ||   121
